 Dungeon Crawl Stone Soup version 0.31.0-7-gf635a9b802 (webtiles) character file.

Game seed: 4291341732084511233

4 monsoonserge the Grasshopper (level 1, 0/16 HPs)
             Began as a Demonspawn Warper on Jan 23, 2024.
             Slain by a kobold
             ... wielding a +0 short sword
              (1 damage)
             ... on level 1 of the Dungeon.
             The game lasted 00:00:22 (100 turns).

monsoonserge the Grasshopper (Demonspawn Warper)     Turns: 100, Time: 00:00:23

Health: 0/16       AC:  3    Str: 11    XL:     1   Next: 50%
Magic:  3/3        EV: 11    Int: 13    God:
Gold:   24         SH:  0    Dex: 12    Spells: 4/4 levels left

rFire   . . .        a - +0 mace
rCold   . . .        (no shield)
rNeg    . . .        b - +0 leather armour
rPois   .            (no helmet)
rElec   .            (no cloak)
rCorr   .            (no gloves)
SInv    .            (no boots)
Will    .....        (no amulet)
Stlth   +            (no ring)
HPRegen 0.22/turn    (no ring)
MPRegen 0.08/turn

%: no passive effects
@: no status effects
A: no striking features
a: no special abilities


You were on level 1 of the Dungeon.
You visited 1 branch of the dungeon, and saw 1 of its levels.

You collected 24 gold pieces.

Inventory:

Hand Weapons
 a - a +0 mace (weapon)
Missiles
 d - 7 darts of dispersal (quivered)
Armour
 b - a +0 leather armour (worn)
Scrolls
 c - a scroll of blinking
Potions
 e - a potion of heal wounds {unknown}


   Skills:
 + Level 2.0 Fighting
 + Level 1.7 Maces & Flails
 + Level 0.8 Throwing
 + Level 0.8 Armour
 + Level 1.7 Dodging
 - Level 2.0 Spellcasting
 + Level 3.0 Translocations


You had 4 spell levels left.
You didn't know any spells.
Your spell library contained the following spells:

 Spells                   Type           Power      Damage    Failure   Level
 Blink                    Tloc           18%        N/A       14%         2
 Lesser Beckoning         Tloc           18%        N/A       14%         2
 Teleport Other           Tloc           9%         N/A       28%         3
 Manifold Assault         Tloc           9%         N/A       67%         4
 Vhi's Electric Charge    Tloc/Air       10%        N/A       87%         4


Dungeon Overview and Level Annotations

Branches:
Dungeon (1/15)

Altars:


Message History

The frilled lizard hisses angrily.
The hobgoblin hits you.
A goblin comes into view. It is wielding a +0 club.
You barely miss the hobgoblin.
The goblin shouts!
You hear a shout!
The hobgoblin hits you.
You hit the hobgoblin but do no damage. The hobgoblin barely misses you.
The hobgoblin hits you.
You hit the hobgoblin but do no damage. The hobgoblin barely misses you.
You closely miss the hobgoblin.
The hobgoblin hits you but does no damage.
You sock the hobgoblin!
You kill the hobgoblin!
The frilled lizard bites you but does no damage.
You hit the frilled lizard.
You kill the frilled lizard!
Your Translocations skill increases to level 3!
You closely miss the goblin. The goblin hits you with a +0 club.
You closely miss the goblin.
A kobold comes into view. It is wielding a +0 short sword.
The goblin hits you with a +0 club. The goblin closely misses you.
You barely miss the goblin. The kobold barely misses you.
The goblin hits you with a +0 club.
You hit the goblin.
The goblin is heavily wounded.
The kobold hits you with a +0 short sword.
* * * LOW HITPOINT WARNING * * *
The goblin barely misses you.
You barely miss the goblin.
The goblin is heavily wounded.
The kobold hits you with a +0 short sword.
* * * LOW HITPOINT WARNING * * *
The goblin hits you but does no damage.
The kobold hits you with a +0 short sword.
* * * LOW HITPOINT WARNING * * *
The goblin closely misses you.
You hit the goblin.
You kill the goblin!
The kobold hits you with a +0 short sword.
You die...

#############..............
.. ..#.............###### #
#.#.#####.......# #
#.#.###########.# #
#......########.#######
#####.#..................$.
.....................>#####
.........#......K#.#..#
.........#######@#.#..#
.........# #)#.#..#
.####+#### #.#.#..# .#
#.#.#..# ## #.#.#..#
....#..# ....# ...


You could see a kobold.

Vanquished Creatures
  A goblin (D:1)
  A hobgoblin (D:1)
  A kobold (D:1)
  A bat (D:1)
  A frilled lizard (D:1)
5 creatures vanquished.

Notes
Turn   | Place    | Note
-------+----------+-------------------------------------------
     0 | D:1      | monsoonserge the Demonspawn Warper began the quest for the
                  | Orb.
     0 | D:1      | Reached XP level 1. HP: 16/16 MP: 3/3
    95 | D:1      | Reached skill level 3 in Translocations
   100 | D:1      | Slain by a kobold

Illustrated notes

Levels and vault maps discovered:
D:1:      minmay_arrival_solitary_statue, layout_basic, serial_shops, shop,
          dreamdust_ecumenical_altar_hidden_monk_grotto,
          amcnicky_mini_pool_small

Skill      XL: |  1 |
---------------+----+-----
Translocations | 3 |  3.0
Fighting       | |  2.0
Maces & Flails | |  1.7
Throwing       | |  0.8
Armour         | |  0.8
Dodging        | |  1.7
Spellcasting   | |  2.0

Action                     || total
---------------------------++-------
  Melee: Mace              ||    17
 Armour: Leather armour    ||    17
  Dodge: Dodged            ||    12
